 Dungeon Crawl Stone Soup version 0.19.5 (webtiles) character file.

263 Onaxys the Cudgeler (level 6, -3/66 HPs)
             Began as an Ogre Berserker on May 17, 2017.
             Was a Believer of Trog.
             Splashed by an oklob plant's acid (18 damage)
             ... on level 2 of the Dungeon.
             The game lasted 00:04:59 (1441 turns).

Onaxys the Cudgeler (Ogre Berserker)                Turns: 1441, Time: 00:05:00

Health: -3/66      AC:  2    Str: 23    XL:     6   Next: 19%
Magic:  6/6        EV: 11    Int:  6    God:    Trog [**....]
Gold:   72         SH:  0    Dex: 11    Spells: 0 memorised, 5 levels left

rFire  + . .     SeeInvis .     a - +0 mace
rCold  . . .     Gourm    .     g - +0 robe
rNeg   . . .     Faith    .     (no shield)
rPois  .         Spirit   .     m - +2 hat
rElec  .         Reflect  .     (no cloak)
rCorr  .         Harm     .     (gloves unavailable)
MR     .....                    (boots unavailable)
Stlth  +.........               (no amulet)
                                s - +1 ring of protection
                                f - ring of protection from fire

@: corroded
A: unfitting armour, tough skin 1
a: Berserk, Trog's Hand, Burn Spellbooks, Renounce Religion


You were on level 2 of the Dungeon.
You worshipped Trog.
Trog was pleased with you.
You were very hungry.

You visited 1 branch of the dungeon, and saw 2 of its levels.

You collected 72 gold pieces.

Inventory:

Hand Weapons
 a - a +0 mace (weapon)
Armour
 b - a +0 animal skin
 g - a +0 robe (worn)
 m - a +2 hat (worn)
Jewellery
 f - a ring of protection from fire (left hand)
 s - a +1 ring of protection (right hand)
Scrolls
 d - 6 scrolls of identify {unknown}
 e - a scroll of amnesia {unknown}
 i - 3 scrolls of remove curse {unknown}
 l - 2 scrolls of enchant armour {unknown}
Potions
 h - 2 potions of curing {unknown}
 j - a potion of mutation {unknown}
 o - a potion of lignification {unknown}
 p - a potion of resistance {unknown}
 q - a potion of flight {unknown}
Comestibles
 c - a bread ration
 k - a slice of pizza
 n - 4 fruits


   Skills:
 + Level 5.6 Fighting
 + Level 6.6 Maces & Flails
 + Level 3.9 Dodging
 + Level 0.4 Stealth


You had 5 spell levels left.
You didn't know any spells.

Dungeon Overview and Level Annotations

Branches:
Dungeon (2/15)

Altars:
Fedhas

Annotations:
D:2 exclusion: oklob plant


Innate Abilities, Weirdness & Mutations

You are too large for most types of armour.
You have tough skin. (AC +1)


Message History

The plant is severely damaged.
You thump the plant!
The plant is almost destroyed.
You hit the plant.
The plant is almost destroyed.
You hit the plant but do no damage.
The plant is almost destroyed.
You hit the plant.
You destroy the plant!
The oklob plant spits acid at you. The splash of acid hits you!
You are splashed with acid!
The acid burns!
The oklob plant spits acid at you. The splash of acid hits you!
The acid corrodes you!
You are splashed with acid!
The acid burns!
You hit the plant but do no damage. The oklob plant spits acid at you.
The splash of acid hits you!
* * * LOW HITPOINT WARNING * * *
The acid corrodes you!
You are splashed with acid!
The acid burns!
You die...

#.PPP.≈≈≈≈≈≈≈≈≈≈≈.PP
#P#P..≈≈≈≈...≈≈≈≈.##
##P♣......._.≈≈≈≈...
#PPPP.≈≈≈≈...≈≈≈≈.##
#P.P♣.≈≈≈≈≈≈≈≈≈≈≈.PP
##PPP..≈≈≈≈≈≈≈≈≈..PP
#PPPP...≈≈≈≈≈≈≈..P#P
#PP%P.P..≈≈≈≈≈..PPPP
#PP@..PP.......PPP♣P


#♣.%PPPPP♣PPPP#P... #PP%.#PPP.P♣PPP#PP. #♣#...PP♣P.PP #.# ♣#P♣PPP♣P#P ###.#
######### .##.# # .##.#.#..#. #### .##.#.#..#.### #... You could see an oklob
plant.

Vanquished Creatures
  Sigmund (D:2)
  Ijyb (D:2)
  Terence (D:2)
  2 adders (D:2)
  An ooze (D:1)
  A dart slug (D:1)
  A leopard gecko (D:1)
  2 giant cockroaches
  4 goblins
  5 hobgoblins
  3 jackals (D:2)
  2 bats
  A frilled lizard (D:2)
  3 kobolds
  3 rats (D:1)
  A fungus (D:2)
  3 plants (D:2)
35 creatures vanquished.

Vanquished Creatures (others)
  15 toadstools (D:2)
15 creatures vanquished.

Grand Total: 50 creatures vanquished

Notes
Turn   | Place    | Note
-------+----------+-------------------------------------------
     0 | D:1      | Onaxys the Ogre Berserker began the quest for the Orb.
     0 | D:1      | Reached XP level 1. HP: 24/24 MP: 1/1
   188 | D:1      | Reached XP level 2. HP: 27/33 MP: 2/2
   537 | D:2      | Reached XP level 3. HP: 37/40 MP: 3/3
   871 | D:2      | Reached skill level 5 in Maces & Flails
   873 | D:2      | Reached ** piety under Trog
   907 | D:2      | Noticed Sigmund
  1147 | D:2      | Killed Sigmund
  1147 | D:2      | Reached skill level 5 in Fighting
  1147 | D:2      | Reached skill level 6 in Maces & Flails
  1147 | D:2      | Reached XP level 4. HP: 50/50 MP: 4/4
  1147 | D:2      | Reached XP level 5. HP: 57/57 MP: 5/5
  1176 | D:2      | Noticed Ijyb
  1202 | D:2      | Killed Ijyb
  1202 | D:2      | Reached XP level 6. HP: 54/66 MP: 6/6
  1237 | D:2      | Noticed Terence
  1248 | D:2      | Killed Terence
  1315 | D:2      | Found a blossoming altar of Fedhas.
  1340 | D:2      | Noticed an oklob plant
  1441 | D:2      | Splashed by an oklob plant's acid

Skill      XL: |  1  2  3 |
---------------+----------+-----
Dodging        | 3 |  3.9
Maces & Flails | 6 |  6.6
Fighting       | 5 |  5.6
Stealth        | |  0.4

Action                   |  1- 3 |  4- 6 || total
-------------------------+-------+-------++-------
Melee: Mace              |    95 |   135 ||   230
Invok: Berserk           |     1 |       ||     1
  Eat: Chunk             |       |     2 ||     2
Armor: Animal skin       |    31 |       ||    31
       Robe              |       |    15 ||    15
Dodge: Dodged            |    60 |    12 ||    72
